 Dungeon Crawl Stone Soup version 0.23.0-33-g5e6c059 (webtiles) character file.

Game seed: 3492488048895645835

9795 ohad the Martial Artist (level 11, -2/77 HPs)
             Began as an Octopode Transmuter on Feb 26, 2019.
             Was an Initiate of Okawaru.
             Slain by a hippogriff (10 damage)
             ... on level 10 of the Dungeon.
             The game lasted 00:27:59 (12193 turns).

ohad the Martial Artist (Octopode Transmuter)      Turns: 12193, Time: 00:28:00

Health: -2/77      AC:  1    Str: 10    XL:     11   Next: 52%
Magic:  19/19      EV: 18    Int: 19    God:    Okawaru [......]
Gold:   687        SH:  0    Dex: 12    Spells: 5/20 levels left

rFire    . . .     SeeInvis .     - Unarmed
rCold    . . .     Gourm    .   (no shield)
rNeg     . . .     Faith    .   (helmet restricted)
rPois    .         Spirit   .   (no amulet)
rElec    .         Reflect  .   (no ring)
rCorr    .         Harm     .   x - +2 ring of slaying
MR       .....                  (no ring)
Stlth    ++........             (no ring)
HPRegen  0.22/turn              (no ring)
MPRegen  0.16/turn              (no ring)
                                (no ring)
                                (no ring)

@: about to teleport
A: almost no armour, stealthy swim, amphibious, 8 rings, constrict 8, camouflage
1, gelatinous body 1
a: Renounce Religion


You were on level 10 of the Dungeon.
You worshipped Okawaru.
Okawaru was noncommittal.
You were not hungry.

You visited 1 branch of the dungeon, and saw 10 of its levels.

You collected 687 gold pieces.

Inventory:

Hand Weapons
 h - a +1 dagger of venom
 l - a +0 club
 H - a +1 trident of distortion
 J - a +0 blowgun
 N - a +1 whip of electrocution
Missiles
 a - 149 arrows
 e - 5 javelins (quivered)
 g - 3 tomahawks of returning
 j - 63 poisoned needles
 B - 2 silver tomahawks
 I - a throwing net
 L - 2 curare-tipped needles
Jewellery
 v - an uncursed ring of ice
 w - an uncursed ring of teleportation
 x - a +2 ring of slaying (right tentacle)
 M - an uncursed ring of ice
Wands
 d - a wand of paralysis (10)
 s - a wand of random effects (12)
 y - a wand of iceblast (6)
 G - a wand of disintegration (15)
 K - a wand of digging (9)
Scrolls
 f - 5 scrolls of teleportation
 i - 7 scrolls of remove curse
 k - a scroll of magic mapping {unknown}
 o - a scroll of enchant armour {unknown}
 p - 2 scrolls of fog {unknown}
 r - 3 scrolls of amnesia {unknown}
 t - 2 scrolls of identify
 A - 3 scrolls of immolation {unknown}
 C - 2 scrolls of blinking {unknown}
 F - a scroll of enchant weapon {unknown}
 P - 3 scrolls of holy word {unknown}
Potions
 b - 3 potions of brilliance
 m - 2 potions of degeneration
 n - 8 potions of curing
 u - 2 potions of mutation {unknown}
 z - a potion of ambrosia
 D - a potion of lignification
 E - a potion of haste {unknown}
 O - a potion of magic {unknown}
Comestibles
 c - 14 rations
 q - a chunk of flesh


   Skills:
 - Level 7.8 Fighting
 - Level 8.9 Dodging
 + Level 9.4 Unarmed Combat
 - Level 5.4 Spellcasting
 - Level 8.3 Transmutations
 - Level 3.0 Ice Magic


You had 5 spell levels left.
You knew the following spells:

 Your Spells              Type           Power        Failure   Level  Hunger
a - Beastly Appendage     Tmut           #####.       1%          1    None
b - Sticks to Snakes      Tmut           #####...     1%          2    None
c - Spider Form           Tmut/Pois      ###.......   6%          3    ##.....
d - Ice Form              Ice/Tmut       ####....     12%         4    ####...
e - Blade Hands           Tmut           #####.....   11%         5    #####..

Your spell library contained the following spells:

 Spells                   Type           Power        Failure   Level  Hunger
 Animate Skeleton         Necr           N/A          12%         1    None
 Apportation              Tloc           #.....       12%         1    None
 Confusing Touch          Hex            #.....       12%         1    None
 Magic Dart               Conj           #...         12%         1    None
 Summon Small Mammal      Summ           #...         12%         1    None
 Blink                    Tloc           N/A          19%         2    None
 Call Imp                 Summ           #.......     19%         2    None
 Slow                     Hex            #.......     19%         2    None
 Call Canine Familiar     Summ           #.......     34%         3    ##.....
 Conjure Flame            Conj/Fire      #.......     34%         3    ##.....
 Mephitic Cloud           Conj/Pois/Air  #.......     34%         3    ##.....
 Summon Guardian Golem    Hex/Summ       #.......     34%         3    ##.....
 Summon Ice Beast         Ice/Summ       ##......     54%         4    ####...
 Summon Lightning Spire   Summ/Air       #.......     75%         4    ####...


Dungeon Overview and Level Annotations

Branches:
Dungeon (10/15)            Temple (0/1) D:4            Lair (0/6) D:9
    Orc (0/2) D:10

Altars:
Okawaru
Wu Jian
Xom
Yredelemnul

Shops:
D:7 [   D:10 [

Annotations:
D:8 3 runed translucent doors, Anothat's ghost, novice DrWz; coffeespoons's ghost, novice OpFi
D:9 1 runed translucent door


Innate Abilities, Weirdness & Mutations

You cannot wear most types of armour.
You are very stealthy in the water. (Stealth+)
You are amphibious.
You can wear up to eight rings at the same time.
You can use your tentacles to constrict eight enemies at once.
Your skin changes colour to match your surroundings (Stealth+).
Your rubbery body absorbs attacks. (AC +1, EV +1)


Message History

The adder bites you. The ogre barely misses you.
The hippogriff barely misses you. The hippogriff misses you.
The hippogriff claws you but does no damage.
You punch the ogre! You freeze the ogre.
You kill the ogre!
Okawaru accepts your kill.
You warm up again.
The adder completely misses you. The hippogriff bites you.
* * * LOW HITPOINT WARNING * * *
The hippogriff pecks you.
* * * LOW HITPOINT WARNING * * *
The hippogriff claws you.
* * * LOW HITPOINT WARNING * * *
Okay, then.
Okay, then.
Unknown command.
As you read the scroll labeled IRAMISHOQU, it crumbles to dust.
You feel strangely unstable.
It was a scroll of teleportation.
The adder misses you. The hippogriff bites you!
You die...

............
............ .....$.
............. .......
.............^ .......
............... .......
..............# .......
.............# .......
............## ##)......
.............###@S......
....#.........#..H......
...###..................
..## ##............Y....
...###..................
....#...................
....................#...
...................###..
..........>.>.....##


You could see a hippogriff, a sky beast and an adder.

Vanquished Creatures
  A two-headed ogre (D:8)
  An unseen horror (D:9)
  Pikel (D:4)
  Maurice (D:8)
  A centaur zombie (D:10)
  A gargoyle (D:10)
  A kobold demonologist (D:9)
  A wyvern (D:10)
  A hungry ghost (D:8)
  A human (D:8)
  A steam dragon (D:9)
  2 vampire mosquitoes (D:9)
  2 porcupines (D:9)
  2 black bears
  2 eyes of draining
  4 ice beasts
  7 orc warriors
  A sky beast (D:9)
  4 ogres
  4 centaurs
  16 big kobolds
  5 bullfrogs
  A scorpion (D:5)
  3 killer bees (D:8)
  2 howler monkeys (D:7)
  4 wights (D:9)
  A bullfrog zombie (D:7)
  A quasit (D:9)
  3 crimson imps
  2 bullfrog skeletons
  4 hounds
  2 jellies
  6 orc priests
  2 centaur skeletons
  15 orc wizards
  4 iguanas
  13 worker ants
  Natasha (thrice) (D:3)
  2 hound zombies
  A hound skeleton (D:6)
  10 adders
  6 gnolls
  4 shadow imps
  An adder skeleton (D:8)
  A worm (D:5)
  2 dart slugs (D:2)
  3 leopard geckos
  37 orcs
  8 bats
  4 giant cockroaches
  7 goblins
  9 hobgoblins
  9 jackals
  16 kobolds
  7 quokkas
  7 ball pythons
  3 frilled lizards
  2 jackal skeletons
  A jackal zombie (D:5)
  A quokka zombie (D:5)
  5 rats
272 creatures vanquished.

Vanquished Creatures (collateral kills)
  A hippogriff (D:7)
  A sky beast (D:4)
  An orc (D:7)
3 creatures vanquished.

Vanquished Creatures (others)
  A slave (D:4)
  An orc wizard (D:4)
  A leopard gecko (D:4)
  An orc (D:4)
  A ball python (D:4)
  8 fungi (D:9)
13 creatures vanquished.

Grand Total: 288 creatures vanquished

Notes
Turn   | Place    | Note
-------+----------+-------------------------------------------
     0 | D:1      | ohad the Octopode Transmuter began the quest for the Orb.
     0 | D:1      | Reached XP level 1. HP: 13/13 MP: 3/3
   167 | D:1      | Reached XP level 2. HP: 13/18 MP: 5/5
   717 | D:1      | Reached XP level 3. HP: 19/23 MP: 4/6
  1282 | D:2      | Reached XP level 4. HP: 25/28 MP: 5/7
  1847 | D:3      | Noticed Natasha
  1855 | D:3      | Killed Natasha
  1934 | D:3      | Reached skill level 5 in Transmutations
  1934 | D:3      | Reached XP level 5. HP: 26/33 MP: 6/8
  2172 | D:3      | Learned a level 2 spell: Sticks to Snakes
  2176 | D:3      | Learned a level 3 spell: Spider Form
  2416 | D:3      | Noticed Natasha
  2420 | D:3      | Killed Natasha
  2457 | D:3      | Noticed Natasha
  2462 | D:3      | Killed Natasha
  2756 | D:4      | Noticed Pikel
  2758 | D:4      | Noticed a slave
  2772 | D:4      | Killed Pikel
  2772 | D:4      | Reached XP level 6. HP: 14/38 MP: 6/9
  2772 | D:4      | Reached XP level 7. HP: 16/43 MP: 6/10
  2884 | D:4      | Learned a level 4 spell: Ice Form
  3523 | D:4      | Found a staircase to the Ecumenical Temple.
  3580 | D:4      | Reached XP level 8. HP: 48/48 MP: 6/11
  3599 | D:4      | Reached skill level 4 in Unarmed Combat
  3976 | D:5      | Entered Level 5 of the Dungeon
  4083 | D:5      | Reached skill level 5 in Unarmed Combat
  6017 | D:6      | Reached XP level 9. HP: 57/57 MP: 7/12
  6018 | D:6      | Found an ornate altar of the Wu Jian Council.
  6824 | D:7      | Found a shimmering altar of Xom.
  6857 | D:7      | Reached skill level 6 in Unarmed Combat
  7187 | D:7      | Found Plog's Antique Armour Emporium.
  7541 | D:7      | Reached skill level 7 in Unarmed Combat
  7675 | D:8      | Found an iron altar of Okawaru.
  7769 | D:8      | Found a runed translucent gate.
  7769 | D:8      | Found a runed translucent gate.
  7769 | D:8      | Found a runed translucent gate.
  7769 | D:8      | Noticed coffeespoons's ghost (novice OpFi)
  7770 | D:8      | Noticed Anothat's ghost (novice DrWz)
  7801 | D:8      | Noticed Maurice
  7825 | D:8      | Killed Maurice
  7825 | D:8      | Reached skill level 8 in Unarmed Combat
  7948 | D:8      | Noticed a two-headed ogre
  8212 | D:8      | Killed a two-headed ogre
  8212 | D:8      | Reached XP level 10. HP: 29/64 MP: 1/13
  8729 | D:8      | Reached skill level 5 in Fighting
 10104 | D:9      | Noticed a kobold demonologist
 10397 | D:9      | Killed a kobold demonologist
 10508 | D:9      | Reached XP level 11. HP: 77/77 MP: 12/14
 10742 | D:9      | Killed an unseen horror
 10757 | D:9      | Found a runed translucent door.
 10764 | D:9      | Found a basalt altar of Yredelemnul.
 10847 | D:9      | Found a staircase to the Lair.
 11007 | D:9      | Learned a level 5 spell: Blade Hands
 11353 | D:10     | Entered Level 10 of the Dungeon
 11504 | D:10     | Found a staircase to the Orcish Mines.
 11504 | D:10     | Found Rureq's Armour Shoppe.
 11542 | D:10     | Reached skill level 5 in Spellcasting
 11902 | D:8      | Became a worshipper of Warmaster Okawaru
 11993 | D:10     | Reached skill level 9 in Unarmed Combat
 12193 | D:10     | Slain by a hippogriff

Skill      XL: |  1  2  3  4  5  6  7  8  9 10 11 |
---------------+----------------------------------+-----
Transmutations | 3 4 5 8 |  8.3
Ice Magic      | 3 |  3.0
Unarmed Combat | 5 8 9 |  9.4
Dodging        | 4 6 8 |  8.9
Fighting       | 3 4 7 |  7.8
Spellcasting   | 5 |  5.4

Action                   |  1- 3 |  4- 6 |  7- 9 | 10-12 || total
-------------------------+-------+-------+-------+-------++-------
Melee: Unarmed           |    11 |    11 |   200 |   316 ||   538
       Dagger            |    72 |    64 |    83 |    22 ||   241
       Constrict         |    28 |    23 |    24 |    12 ||    87
       Tentacles         |    11 |    10 |    13 |     4 ||    38
       Kick              |     6 |     8 |     1 |       ||    15
       Punch             |     1 |     1 |     5 |     4 ||    11
 Cast: Beastly Appendage |     6 |     4 |     2 |       ||    12
       Spider Form       |       |     1 |     2 |       ||     3
       Ice Form          |       |       |    20 |    23 ||    43
       Sticks to Snakes  |       |       |    13 |       ||    13
  Use: Scroll            |       |       |     7 |     1 ||     8
       Potion            |       |       |     1 |     2 ||     3
 Stab: Sleeping          |     5 |     2 |     4 |     1 ||    12
       Distracted        |     1 |       |     1 |       ||     2
  Eat: Chunk             |     1 |     5 |    15 |    20 ||    41
       Ration            |       |       |     2 |       ||     2
Armor: Skin              |     9 |     2 |    36 |    68 ||   115
Dodge: Dodged            |    47 |    49 |   155 |   255 ||   506
